 Dungeon Crawl Stone Soup version 0.31-a0-263-ge8cad7f256 (webtiles) character file.

Game seed: 2656271779050663727

142 qw the Shooter (level 5, -1/30 HPs)
             Began as a Gargoyle Hexslinger on July 13, 2023.
             Slain by Terence
             ... wielding a +4 mace of venom
              (7 damage)
             ... on level 3 of the Dungeon.
             The game lasted 00:00:54 (2023 turns).

qw the Shooter (Gargoyle Hexslinger)                Turns: 2023, Time: 00:00:55

Health: -1/30      AC: 10    Str: 11    XL:     5   Next: 24%
Magic:  6/6        EV: 10    Int: 14    God:
Gold:   105        SH:  0    Dex: 14    Spells: 5/6 levels left

rFire   . . .        Y - +1 sling
rCold   . . .        (no shield)
rNeg    + . .        g - +0 ring mail
rPois   inf          (no helmet)
rElec   +            (no cloak)
rCorr   .            e - +0 pair of gloves
SInv    .            (no boots)
Will    .....        (no amulet)
Stlth   +            (no ring)
HPRegen 0.25/turn    (no ring)
MPRegen 0.10/turn

%: no passive effects
@: no status effects
A: sickness immunity, AC +4, negative energy resistance 1, electricity
resistance, torment resistance 1, petrification resistance
a: no special abilities


You were on level 3 of the Dungeon.
You visited 1 branch of the dungeon, and saw 3 of its levels.

You collected 105 gold pieces.


Innate Abilities, Weirdness & Mutations

You are immune to sickness and miasma.
Your stone body is resilient. (AC +4)
You are immune to poison.
You resist negative energy. (rN+)
You are resistant to electric shocks. (rElec)
You are resistant to unholy torment.
You are immune to petrification.


   Skills:
 - Level 2.0 Fighting
 + Level 4.8 Ranged Weapons
 - Level 1.1 Armour
 - Level 1.5 Dodging
 - Level 1.0 Spellcasting
 - Level 2.6 Hexes


You had 5 spell levels left.
You knew the following spells:

 Your Spells              Type           Power      Damage    Failure   Level
a - Slow                  Hex            32%        N/A       21%         1

Your spell library contained the following spells:

 Spells                   Type           Power      Damage    Failure   Level
 Inner Flame              Hex/Fire       4%         N/A       71%         3
 Portal Projectile        Hex/Tloc       8%         N/A       71%         3
 Cause Fear               Hex            4%         N/A       90%         4

Inventory:

Hand Weapons
 Y - a +1 sling (weapon)
Armour
 e - a +0 pair of gloves (worn)
 g - a +0 ring mail (worn)
Jewellery
 f - a ring of wizardry
Scrolls
 d - a scroll of identify
Potions
 a - a potion of heal wounds {unknown}
 b - a potion of enlightenment
 c - a potion of mutation {unknown}

Dungeon Overview and Level Annotations

Branches:
Dungeon (3/15)

Altars:
Ru

Annotations:
D:3 Terence


Message History

Enter note:
Enter note:
Enter note:
Enter note:
Enter note:
Enter note:
Enter note:
Enter note: You shoot a sling bullet.
The sling bullet hits Terence but does no damage.
You shoot a sling bullet.
The sling bullet hits Terence but does no damage.
You shoot a sling bullet. The sling bullet barely misses Terence.
Terence hits you with a +4 mace of venom!
You shoot a sling bullet. The sling bullet barely misses Terence.
Terence closely misses you.
You shoot a sling bullet.
The sling bullet hits Terence but does no damage.
Terence hits you but does no damage.
Terence hits you with a +4 mace of venom.
You shoot a sling bullet.
The sling bullet hits Terence but does no damage.
Terence hits you but does no damage.
You shoot a sling bullet. The sling bullet hits Terence.
Terence is lightly wounded.
Terence barely misses you.
You shoot a sling bullet. The sling bullet hits Terence.
Terence is moderately wounded.
Terence hits you with a +4 mace of venom.
Terence hits you with a +4 mace of venom!
You shoot a sling bullet.
The sling bullet closely misses Terence.
Terence hits you with a +4 mace of venom!
You shoot a sling bullet. The sling bullet hits Terence.
Terence is heavily wounded.
Terence hits you but does no damage.
You shoot a sling bullet. The sling bullet hits Terence.
Terence is heavily wounded.
Terence hits you with a +4 mace of venom!
You die...

.#.#.#.# #.#
.......# #.#
.#.#.#.# #.#
.......# #.#
.#(#.# #.# #.#
#.# #.# #@#
#......@...#
#............#
..............#
..............#
..............#
..............#
..............#


You could see Terence.

Vanquished Creatures
  3 gnolls (D:2)
  4 adders
  2 worms
  3 dart slugs
  4 endoplasms
  4 giant cockroaches (D:1)
  4 goblins
  9 hobgoblins
  3 jackals (D:2)
  2 quokkas (D:2)
  7 ball pythons
  A bat (D:2)
  4 frilled lizards
  7 kobolds
  8 rats
65 creatures vanquished.

Notes
Turn   | Place    | Note
-------+----------+-------------------------------------------
     0 | D:1      | qw the Gargoyle Hexslinger began the quest for the Orb.
     0 | D:1      | Reached XP level 1. HP: 12/12 MP: 2/2
     0 | D:1      | 0 ||| qw: Version: 0.3-a-52-g30416fa
     0 | D:1      | 0 ||| qw: Game counter: 7416
     0 | D:1      | 0 ||| qw: Melee chars always use a shield: true
     0 | D:1      | 0 ||| qw: God list: Okawaru
     0 | D:1      | 0 ||| qw: Allow faded altars: false
     0 | D:1      | 0 ||| qw: Do Orc after clearing Dungeon:15 true
     0 | D:1      | 0 ||| qw: Do second Lair branch before Depths: true
     0 | D:1      | 0 ||| qw: Lair rune preference: random
     0 | D:1      | 0 ||| qw: Goals: Normal
     0 | D:1      | 0 ||| PLANNING D:1-11
   114 | D:1      | 114 ||| FLEEEEING.
   120 | D:1      | 120 ||| FLEEEEING.
   167 | D:1      | Reached XP level 2. HP: 16/16 MP: 3/3
   261 | D:1      | Reached skill level 3 in Ranged Weapons
   320 | D:1      | 320 ||| FLEEEEING.
   321 | D:1      | 321 ||| FLEEEEING.
   435 | D:1      | Reached XP level 3. HP: 14/21 MP: 4/4
   862 | D:1      | 862 ||| UPGRADING to +0 pair of gloves.
   867 | D:1      | 867 ||| UPGRADING to +0 ring mail.
   877 | D:1      | 877 ||| DROPPING +0 robe.
   878 | D:1      | 878 ||| READING 2 scrolls labelled SOYWUUMORI.
   881 | D:1      | 881 ||| READING scroll labelled YLUMAZ PIMMI.
   882 | D:1      | 882 ||| READING scroll labelled VILAEZI ZUUG NAURR.
   883 | D:1      | 883 ||| READING scroll labelled CUXASINANE.
   884 | D:1      | 884 ||| DROPPING scroll of poison.
   917 | D:2      | Reached skill level 1 in Armour
   985 | D:2      | Reached XP level 4. HP: 21/26 MP: 5/5
   995 | D:2      | HP: 4/26 [frozen (3)]
   995 | D:2      | HP: 1/26 [dart slug/slug dart (3)]
   996 | D:2      | 996 ||| READING scroll of teleportation.
   998 | D:2      | Reached skill level 4 in Ranged Weapons
  1142 | D:2      | 1142 ||| Stepping ~*~*~tactically~*~*~ (outnumbered).
  1606 | D:2      | 1606 ||| READING scroll labelled XEFAPOA RAPSUJ.
  1607 | D:2      | 1607 ||| READING scroll labelled JUALUE SYUDEG.
  1608 | D:2      | 1608 ||| READING scroll labelled DADOECKEOFF.
  1709 | D:2      | 1709 ||| READING scroll labelled SEORA QYAPITHRY.
  1710 | D:2      | 1710 ||| READING 2 scrolls of identify.
  1710 | D:2      | 1710 ||| IDENTIFYING sedimented emerald potion
  1752 | D:3      | Reached XP level 5. HP: 30/30 MP: 6/6
  1960 | D:3      | Found a sacrificial altar of Ru.
  2012 | D:3      | Noticed Terence
  2021 | D:3      | HP: 5/30 [Terence/+4 mace of venom (8)]
  2023 | D:3      | Slain by Terence

Levels and vault maps discovered:
D:1:      saegor_arrival_simple_e, layout_basic
D:2:      layout_loops_ring
D:3:      layout_rooms, nicolae_ru_path_of_blood,
          chequers_ecumenical_altar_simple, serial_glass, glass_columns_c,
          glass_columns_a, uniq_terence

Skill      XL: |  1  2  3  4 |
---------------+-------------+-----
Ranged Weapons | 3 4 |  4.8
Fighting       | 2 |  2.0
Armour         | 1 |  1.1
Dodging        | |  1.5
Spellcasting   | |  1.0
Hexes          | |  2.6

Action                     |  1- 3 |  4- 6 || total
---------------------------+-------+-------++-------
   Fire: Sling             |   108 |   113 ||   221
    Use: Scroll            |     4 |     6 ||    10
 Armour: Robe              |    13 |       ||    13
         Ring mail         |     5 |    41 ||    46
  Dodge: Dodged            |    27 |    42 ||    69

Table legend:
 A = Non-vault XP
 B = Vault XP
 C = Vault XP percentage of total XP
 D = Non-vault monster count
 E = Vault monster count
 F = Vault count percentage of total count
                 A         B        C        D         E       F
            +---------+---------+-------+---------+---------+-------
      Total |     203 |       0 |   0.0 |      65 |       0 |   0.0
            +---------+---------+-------+---------+---------+-------
        D:1 |      48 |       0 |   0.0 |      28 |       0 |   0.0
        D:2 |     106 |       0 |   0.0 |      29 |       0 |   0.0
        D:3 |      49 |       0 |   0.0 |       8 |       0 |   0.0
            +---------+---------+-------+---------+---------+-------
